Map: Lockdown LE

Players

mokka

  • Race: Zerg Zerg
  • League: Diamond

IlIlIlIlIlIl - Winner!

  • Race: Protoss Protoss
  • League: Diamond

VOD

Have the link to the VOD?

Description

Time

  • Played on: Oct. 5, 2026, 1:28 p.m.
  • Length: 16:43
Show
View Real Time Build Order
Export as new Build Order

mokka Zerg 

Build Orders: Hatch First, Roach Hydra 

Get SALT Encoding   

  8  0:02  Drone  
  9  0:10  Drone  
  10  0:16  Drone  
  11  0:27  Overlord  
  11  0:32  Drone  
  12  0:46  Drone x2  
  14  0:52  Drone  
  15  1:13  Hatchery  
  14  1:18  Drone  
  14  1:22  Drone  
  16  1:32  Drone  
  17  1:46  Drone x2, Spawning Pool  
  18  1:57  Overlord  
  18  2:03  Extractor  
  18  2:04  Drone  
  18  2:18  Drone  
  19  2:31  Drone x3  
  19  2:33  Queen  
  19  2:34  Queen  
  26  2:42  Overlord  
  26  2:49  Drone x2  
  28  3:04  Drone x3  
  31  3:07  Metabolic Boost  
  31  3:11  Queen  
  33  3:15  Drone x3  
  36  3:24  Overlord  
  36  3:38  Hatchery  
  36  3:41  Drone x3  
  38  3:49  Drone x4  
  38  3:50  Drone  
  43  3:58  Zergling x2  
  44  4:17  Extractor x2  
  43  4:22  Roach Warren  
  41  4:25  Queen  
  43  4:32  Spore Crawler, Drone  
  43  4:35  Drone  
  43  4:36  Drone x4  
  48  4:56  Overlord x2  
  48  4:57  Overlord x4  
  48  5:02  Spore Crawler  
  48  5:06  Roach x2  
  50  5:16  Roach  
  50  5:17  Roach x6  
  50  5:19  Lair  
  64  5:44  Drone x2  
  64  5:49  Drone x9  
  75  6:00  Drone x4  
  75  6:01  Drone  
  78  6:15  Roach  
  78  6:16  Roach x5  
  78  6:18  Glial Reconstitution  
  88  6:21  Spore Crawler  
  88  6:24  Spore Crawler  
  84  6:31  Roach x4  
  84  6:32  Roach x4  
  83  7:13  Hydralisk Den  
  73  7:40  Drone  
  73  7:41  Drone x10  
  73  7:43  Queen  
  86  7:44  Queen  
  86  7:45  Queen  
  90  8:07  Extractor x2  
  88  8:15  Muscular Augments  
  88  8:24  Overlord x7  
  88  8:25  Overlord  
  88  8:28  Roach x4  
  88  8:31  Hatchery  
  95  8:36  Drone  
  95  8:37  Drone x2  
  98  8:42  Spine Crawler x2  
  98  8:45  Drone x3, Spine Crawler  
  98  8:46  Drone x4  
  102  9:17  Evolution Chamber  
  102  9:18  Evolution Chamber  
  102  9:19  Grooved Spines  
  100  9:24  Hydralisk x4  
  100  9:25  Hydralisk x10  
  100  9:30  Ravager x6  
  100  9:31  Ravager  
  135  9:45  Zerg Missile Weapons Level 1  
  135  9:46  Zerg Ground Armor Level 1  
  135  9:52  Drone x3  
  138  9:53  Drone x3  
  138  9:55  Hatchery  
  140  10:01  Hatchery  
  139  10:12  Overlord  
  139  10:13  Overlord  
  139  10:17  Spire  
  138  10:24  Roach  
  138  10:25  Roach x6  
  138  10:26  Roach x4  
  138  10:28  Spore Crawler  
  159  10:30  Spine Crawler  
  156  10:38  Roach x7  
  121  11:11  Hydralisk  
  121  11:12  Hydralisk x13  
  142  11:48  Roach  
  142  11:49  Roach x10  
  164  11:59  Roach  
  166  12:01  Zerg Ground Armor Level 2  
  166  12:03  Zerg Missile Weapons Level 2  
  105  12:42  Hydralisk  
  105  12:43  Hydralisk x14  
  122  13:05  Roach x8  
  138  13:06  Roach x3  
  138  13:07  Hatchery  
  138  13:08  Queen  
  146  13:41  Drone x4  
  146  13:42  Drone x3  
  146  13:47  Overseer x3  
  122  14:19  Spire  
  122  14:23  Ravager x2  
  123  14:25  Ravager x2  
  123  14:26  Ravager, Hydralisk  
  123  14:27  Hydralisk x9  
  123  14:29  Overlord x3  
  146  14:32  Extractor x2  
  144  14:45  Extractor  
  144  14:50  Extractor  
  144  14:51  Hydralisk x6  
  154  14:53  Hatchery  
  154  14:59  Drone  
  154  15:00  Overlord x2  
  154  15:01  Overlord x2  
  154  15:06  Drone x2  
  154  15:07  Drone  
  157  15:08  Drone x3  
  160  15:16  Infestation Pit  
  133  15:46  Corruptor x4  
  133  15:47  Corruptor x3  
  130  15:56  Roach x9  
  118  16:05  Roach x3  
  118  16:06  Roach x3  
Show
View Real Time Build Order
Export as new Build Order

IlIlIlIlIlIl Protoss - Winner!

Build Orders:  

Get SALT Encoding   

  8  0:00  Probe (Chrono Boost)  
  9  0:12  Probe (Chrono Boost)  
  10  0:19  Probe (Chrono Boost)  
  11  0:27  Probe  
  12  0:33  Pylon  
  12  0:39  Probe  
  13  0:51  Probe  
  13  0:56  Gateway  
  14  1:04  Probe (Chrono Boost)  
  15  1:15  Probe (Chrono Boost)  
  15  1:16  Assimilator  
  16  1:19  Probe (Chrono Boost)  
  17  1:31  Probe  
  18  1:43  Probe  
  19  1:52  Nexus  
  19  1:59  Cybernetics Core  
  19  2:06  Pylon  
  19  2:09  Probe  
  20  2:21  Probe  
  21  2:25  Assimilator  
  21  2:33  Probe  
  21  2:36  Adept (Chrono Boost)  
  22  2:41  Warp Gate  
  24  2:45  Probe  
  25  2:57  Probe  
  26  2:59  Adept (Chrono Boost)  
  28  3:09  Probe x2  
  30  3:16  Stargate  
  30  3:21  Probe x2  
  30  3:24  Pylon  
  32  3:29  Gateway  
  32  3:30  Adept  
  34  3:36  Probe x2  
  36  3:44  Twilight Council  
  36  3:50  Probe x2  
  38  4:03  Adept  
  38  4:09  Probe x2  
  44  4:17  Void Ray  
  44  4:21  Probe x2  
  50  4:27  Pylon  
  50  4:30  Pylon  
  50  4:32  Adept  
  50  4:46  Nexus  
  50  4:48  Pylon  
  50  4:52  Forge, Resonating Glaives (Chrono Boost)  
  50  5:02  Adept x2  
  54  5:14  Probe x2  
  54  5:18  Adept x2  
  60  5:23  Void Ray (Chrono Boost)  
  60  5:27  Probe x2  
  66  5:32  Pylon  
  66  5:35  Photon Cannon  
  66  5:39  Shield Battery  
  66  5:41  Probe  
  66  5:42  Probe  
  68  5:44  Assimilator  
  68  5:49  Adept  
  70  5:56  Probe x2  
  72  5:57  Protoss Ground Weapons Level 1 (Chrono Boost)  
  72  6:03  Assimilator  
  72  6:08  Probe x2  
  74  6:19  Probe  
  74  6:20  Robotics Facility, Probe x2  
  74  6:23  Stalker, Pylon  
  74  6:24  Pylon  
  79  6:32  Probe x2  
  81  6:33  Probe  
  81  6:34  Stalker  
  84  6:44  Probe x2  
  84  6:45  Probe  
  87  7:05  Void Ray  
  87  7:12  Stalker x2  
  83  7:24  Probe x2  
  83  7:25  Stalker  
  83  7:26  Stalker  
  83  7:31  Gateway, Charge (Chrono Boost)  
  83  7:33  Gateway  
  83  7:34  Probe, Gateway  
  83  7:35  Gateway  
  83  7:36  Probe  
  81  7:39  Zealot x2  
  81  7:40  Gateway  
  81  7:42  Pylon  
  81  7:43  Gateway  
  83  7:45  Gateway  
  83  7:47  Probe x2  
  83  7:51  Photon Cannon  
  85  7:52  Photon Cannon  
  85  7:53  Photon Cannon  
  85  7:55  Shield Battery, Protoss Ground Weapons Level 2 (Chrono Boost)  
  85  7:57  Photon Cannon  
  85  8:01  Immortal  
  89  8:06  Zealot  
  89  8:07  Zealot  
  89  8:09  Assimilator  
  89  8:10  Probe x3  
  89  8:12  Assimilator  
  96  8:21  Zealot x2  
  96  8:22  Zealot x2  
  96  8:23  Zealot x2  
  108  8:29  Robotics Bay, Probe x2  
  108  8:30  Probe  
  111  8:41  Pylon x2  
  111  8:42  Probe  
  111  8:47  Pylon  
  112  8:54  Probe  
  113  9:00  Stalker x2  
  113  9:01  Stalker x4  
  125  9:03  Stalker  
  125  9:05  Pylon  
  127  9:10  Immortal (Chrono Boost)  
  127  9:15  Pylon  
  127  9:25  Robotics Facility  
  127  9:30  Zealot x3  
  127  9:31  Zealot x4  
  139  9:37  Pylon  
  141  9:39  Pylon x2  
  141  9:47  Observer (Chrono Boost)  
  141  9:49  Extended Thermal Lance  
  142  9:54  Nexus  
  142  9:55  Pylon, Protoss Ground Weapons Level 3 (Chrono Boost)  
  142  10:01  Pylon  
  142  10:04  Pylon  
  142  10:09  Zealot x3  
  142  10:10  Zealot x3  
  142  10:38  Immortal  
  142  10:39  Immortal  
  150  10:48  Stalker x5  
  150  10:49  Stalker x2  
  114  11:12  Zealot x7  
  114  11:17  Colossus (Chrono Boost)  
  140  11:24  Colossus (Chrono Boost)  
  124  11:42  Zealot x2  
  124  11:43  Zealot x5  
  120  11:53  Probe x2  
  122  11:56  Photon Cannon  
  122  11:57  Photon Cannon  
  122  12:07  Immortal (Chrono Boost)  
  122  12:12  Zealot x5, Immortal (Chrono Boost)  
  122  12:13  Zealot  
  122  12:14  Zealot  
  102  12:38  Stalker  
  102  12:39  Stalker x6  
  102  12:40  Colossus  
  122  12:44  Probe x2  
  122  12:47  Pylon  
  122  12:48  Pylon  
  122  12:50  Colossus  
  130  13:01  Gateway  
  130  13:02  Gateway  
  130  13:03  Photon Cannon, Gateway  
  130  13:04  Zealot x5  
  130  13:05  Zealot  
  142  13:09  Protoss Ground Armor Level 1 (Chrono Boost)  
  130  13:27  Assimilator  
  130  13:29  Assimilator  
  130  13:32  Templar Archives  
  130  13:33  Stalker x5  
  140  13:34  Stalker x2  
  144  13:44  Observer, Colossus  
  151  14:06  Blink (Chrono Boost)  
  151  14:16  Stargate  
  151  14:20  Stargate, Probe x2  
  151  14:22  Stargate, Stalker x7  
  167  14:25  Probe  
  168  14:47  High Templar x6  
  168  14:50  Nexus, Pylon  
  168  14:51  Archon x2  
  168  14:52  Archon  
  180  14:58  Fleet Beacon  
  180  15:08  Zealot  
  180  15:09  Zealot x3  
  182  15:36  Stalker x2  
  182  15:37  Stalker x7  
  166  16:15  Zealot x7  
  166  16:16  Zealot x2  
Tags
 
Add a new tag
Caveats
  • Supply blocks, unpowered buildings, or Contaminate may cause inaccurate times.
  • Supply counts are checked every 10 seconds.